 Dungeon Crawl Stone Soup version 0.23-a0-49-gd9f7a49 (webtiles) character file.

162 jjfam the Shield-Bearer (level 5, -3/49 HPs)
             Began as a Deep Dwarf Fighter on Aug 7, 2018.
             Slain by a shadow (6 damage)
             ... created by the darkness of Dithmenos
             ... on level 3 of the Dungeon.
             The game lasted 00:04:32 (1937 turns).

jjfam the Shield-Bearer (Deep Dwarf Fighter)        Turns: 1937, Time: 00:04:33

Health: -3/49      AC:  8    Str: 21    XL:     5   Next: 19%
Magic:  4/4        EV:  8    Int:  8    God:
Gold:   114        SH:  9    Dex: 12    Spells: 4/4 levels left

rFire    . . .     SeeInvis .   a - +0 war axe
rCold    . . .     Gourm    .   c - +0 shield
rNeg     . . .     Faith    .   b - +0 scale mail
rPois    .         Spirit   .   (no helmet)
rElec    .         Reflect  .   (no cloak)
rCorr    .         Harm     .   k - +0 pair of gloves
MR       .....                  (no boots)
Stlth    ..........             (no amulet)
HPRegen  0.00/turn              (no ring)
MPRegen  0.09/turn              (no ring)

@: non-regenerating
A: damage resistance, heal wounds, sense surroundings 1, no regeneration
a: Heal Wounds


You were on level 3 of the Dungeon.
You were not hungry.

You visited 1 branch of the dungeon, and saw 3 of its levels.

You collected 114 gold pieces.

Inventory:

Hand Weapons
 a - a +0 war axe (weapon)
 n - a +2 hand axe of flaming
Armour
 b - a +0 scale mail (worn)
 c - a +0 shield (worn)
 k - a +0 pair of gloves (worn)
Scrolls
 e - 5 scrolls of remove curse {unknown}
 g - a scroll of teleportation {unknown}
 j - 5 scrolls of identify {unknown}
 m - 2 scrolls of magic mapping {unknown}
 o - a scroll of fear {unknown}
 p - a scroll of enchant weapon {unknown}
Potions
 d - 2 potions of might
 h - a potion of brilliance {unknown}
 l - a potion of flight {unknown}
Comestibles
 f - 2 rations
 i - 5 chunks of flesh


   Skills:
 + Level 3.3 Fighting
 + Level 4.0 Axes
 + Level 4.1 Armour
 + Level 1.0 Dodging
 + Level 4.1 Shields


You had 4 spell levels left.
You didn't know any spells.
Your spell library was empty.

Dungeon Overview and Level Annotations

Branches:
Dungeon (3/15)

Altars:
Dithmenos
Hepliaklqana
Okawaru
Qazlal
Ru
Xom


Innate Abilities, Weirdness & Mutations

You are resistant to damage.
You can heal yourself by infusing magical energy.
You passively map a small area around you.
You do not regenerate.


Message History

Reactivating autopickup.
The shadow slips into darkness.
The shadow flickers and vanishes!
Deactivating autopickup; reactivate with Ctrl-A.
The shadow demon gestures.
You are too injured to fight recklessly!
Unknown command.
You are too injured to fight recklessly!
Unknown command.
You are too injured to fight recklessly!
Unknown command.
You are too injured to fight recklessly!
Unknown command.
You are too injured to fight recklessly!
Unknown command.
You hit the shadow demon.
The shadow demon is lightly wounded.
You slash something! You hit the adder. You block the adder's attack.
The shadow strikes at you from the darkness!
You die...

.# #.........# .###
#.........#
...########.........#
....................#
.........##.......).#
.......<............#
>........#..........#
##.......#.######{#.#
##.#.....#.#...S@2#.#
....######.#.######.#
...........# #......#
.....#######.#......#
.............#......#
....##########......#
.............#......#
....########.#......#
....# #)#......#


You could see a shadow demon and an adder.

Vanquished Creatures
  A bullfrog (D:3)
  A worker ant (D:3)
  An adder (D:2)
  3 worms
  A leopard gecko (D:3)
  An orc (D:3)
  10 bats
  7 giant cockroaches
  6 goblins
  4 hobgoblins
  3 jackals (D:3)
  4 kobolds
  3 quokkas
  5 rats
50 creatures vanquished.

Notes
Turn   | Place    | Note
-------+----------+-------------------------------------------
     0 | D:1      | jjfam the Deep Dwarf Fighter began the quest for the Orb.
     0 | D:1      | Reached XP level 1. HP: 20/20 MP: 1/1
   114 | D:1      | Reached XP level 2. HP: 25/27 MP: 2/2
   304 | D:1      | You fall through a shaft!
   439 | D:2      | Reached XP level 3. HP: 25/34 MP: 3/3
  1136 | D:2      | Found a faded altar of an unknown god.
  1142 | D:2      | Became a worshipper of Dithmenos the Shadowed
  1142 | D:2      | Reached * piety under Dithmenos
  1143 | D:2      | Fell from the grace of Dithmenos
  1377 | D:2      | Found a shadowy altar of Dithmenos.
  1378 | D:2      | Found an iron altar of Okawaru.
  1384 | D:2      | Found a shimmering altar of Xom.
  1384 | D:2      | Found a sacrificial altar of Ru.
  1384 | D:2      | Found a stormy altar of Qazlal.
  1389 | D:2      | Found a hazy altar of Hepliaklqana.
  1763 | D:3      | Reached XP level 4. HP: 35/42 MP: 4/4
  1905 | D:3      | Noticed a bullfrog
  1922 | D:3      | Killed a bullfrog
  1922 | D:3      | Reached skill level 1 in Dodging
  1922 | D:3      | Reached XP level 5. HP: 28/49 MP: 5/5
  1933 | D:3      | Noticed a shadow
  1933 | D:3      | Noticed a shadow demon
  1933 | D:3      | Noticed a shadow
  1937 | D:3      | Slain by a shadow

Vault maps used:
D:1:      dpeg_arrival_oval
D:2:      minitemple, chequers_ecumenical_altar_grove, minivault_26,
          minmay_pentomino_x4

Skill      XL: |  1  2  3  4 |
---------------+-------------+-----
Fighting       | 3 |  3.3
Axes           | 3 4 |  4.0
Armour         | 4 |  4.1
Dodging        | 1 |  1.0
Shields        | 4 |  4.1

Action                   |  1- 3 |  4- 6 || total
-------------------------+-------+-------++-------
Melee: War axe           |   117 |    29 ||   146
       Hand axe          |     6 |       ||     6
Invok: Renounce Religion |     1 |       ||     1
 Abil: Heal Wounds       |     1 |     1 ||     2
  Eat: Chunk             |     3 |     1 ||     4
Armor: Scale mail        |    76 |    11 ||    87
Dodge: Dodged            |    54 |    14 ||    68
Block: Shield            |    79 |    15 ||    94

Table legend:
 A = Spawn XP
 B = Non-spawn XP
 C = Spawn XP percentage of total XP
 D = Spawn monster count
 E = Non-spawn monster count
 F = Spawn count percentage of total count
 G = Total turns spent on level
                    A         B        C        D         E        F      G
               +---------+---------+-------+---------+---------+-------+---------
         Total |       0 |     232 |   0.0 |       0 |      50 |   0.0 |  1937
               +---------+---------+-------+---------+---------+-------+---------
           D:1 |       0 |      21 |   0.0 |       0 |      12 |   0.0 |   848
           D:2 |       0 |      52 |   0.0 |       0 |      19 |   0.0 |   658
           D:3 |       0 |     159 |   0.0 |       0 |      19 |   0.0 |   431
               +---------+---------+-------+---------+---------+-------+---------
